PR
OGALLALA OCTOPI @ TULSA OTTERS
08/16/2032
 
TOP OF THE 1ST
Ogallala Octopi batting - Pitching for Tulsa Otters : RHP Kingston Liniak
Pitching: RHP Kingston Liniak
Batting: RHB Román Chávez 0-0: Ball
1-0: Foul Ball, location: 2F
1-1: Ground out 4-3 (Groundball, 4)
Batting: LHB Mauro López 0-0: Called Strike
0-1: Ball
1-1: Foul Ball, location: 2F
1-2: Ground out 4-3 (Groundball, 4)
Batting: LHB Kevin de Bruyne 0-0: Called Strike
0-1: Called Strike
0-2: Ball
1-2: Reached on error, E3 (Groundball, 3L)
Batting: RHB Isagani Gorre 0-0: Fielders Choice at 2nd, 5-4 (Groundball, 56)
Top of the 1st over - 0 runs, 0 hits, 1 error, 1 left on base; Ogallala 0 - Tulsa 0
BOTTOM OF THE 1ST
Tulsa Otters batting - Pitching for Ogallala Octopi : RHP Ignacio Uribe
Pitching: RHP Ignacio Uribe
Batting: RHB Jim Schroeder 0-0: Swinging Strike
0-1: Foul Ball, location: 2F
0-2: Ball
1-2: Ball
2-2: Strikes out swinging
Batting: RHB Pat Hopkins 0-0: Swinging Strike
0-1: Ball
1-1: Called Strike
1-2: Strikes out swinging
Batting: RHB Michel Morand 0-0: Ball
1-0: Called Strike
1-1: Foul Ball, location: 2F
1-2: Foul Ball, location: 2F
1-2: Ball
2-2: Strikes out swinging
Bottom of the 1st over - 0 runs, 0 hits, 0 errors, 0 left on base; Ogallala 0 - Tulsa 0
TOP OF THE 2ND
Ogallala Octopi batting - Pitching for Tulsa Otters : RHP Kingston Liniak
Batting: RHB Sehinsah Al-Fanari 0-0: Called Strike
0-1: Ball
1-1: Foul Ball, location: 2F
1-2: Ball
2-2: Ball
3-2: Ground out U3 (Groundball, 34)
Batting: RHB Carlos Martínez 0-0: Fly out, F9 (Flyball, 89M)
Batting: RHB Alejandro Cantú 0-0: Called Strike
0-1: Ball
1-1: Ball
2-1: Foul Ball, location: 2F
2-2: Strikes out swinging
Top of the 2nd over - 0 runs, 0 hits, 0 errors, 0 left on base; Ogallala 0 - Tulsa 0
BOTTOM OF THE 2ND
Tulsa Otters batting - Pitching for Ogallala Octopi : RHP Ignacio Uribe
Batting: RHB Louis Chevrolet 0-0: Ball
1-0: Fly out, F7 (Flyball, 7)
Batting: RHB Kristoffer Melin 0-0: Reached on error, E6 (Groundball, 6)
Batting: RHB Brian Rowe 0-0: Called Strike
Kristoffer Melin steals 3rd base
0-1: Foul Ball, location: 2F
0-2: SINGLE (Flyball, 7S)
Kristoffer Melin scores
Batting: SHB Naif Na'Il bin Musa 0-0: Foul Ball, location: 2F
0-1: Ball
1-1: Called Strike
1-2: Foul Ball, location: 2F
1-2: Strikes out swinging
Batting: RHB Charlie Passell Pickoff Throw to First - Error! E1
Brian Rowe to second
0-0: Swinging Strike
0-1: Called Strike
0-2: Strikes out swinging
Bottom of the 2nd over - 1 run, 1 hit, 2 errors, 1 left on base; Ogallala 0 - Tulsa 1
TOP OF THE 3RD
Ogallala Octopi batting - Pitching for Tulsa Otters : RHP Kingston Liniak
Batting: RHB Salvador Gisbert 0-0: Called Strike
0-1: Ball
1-1: Ball
2-1: Fly out, F8 (Flyball, 8RM)
Batting: RHB Enrique Torres 0-0: Called Strike
0-1: Fly out, F8 (Flyball, 89D)
Batting: RHB Román Chávez 0-0: Ball
1-0: Ball
2-0: Ground out U3 (Groundball, 34)
Top of the 3rd over - 0 runs, 0 hits, 0 errors, 0 left on base; Ogallala 0 - Tulsa 1
BOTTOM OF THE 3RD
Tulsa Otters batting - Pitching for Ogallala Octopi : RHP Ignacio Uribe
Batting: RHB Jaypee Layug 0-0: Ground out 5-3 (Groundball, 56)
Batting: RHB Jim Schroeder 0-0: Called Strike
0-1: Swinging Strike
0-2: Ball
1-2: Fly out, F9 (Flyball, 9D)
Batting: RHB Pat Hopkins 0-0: Called Strike
0-1: Ground out U3 (Groundball, 3S)
Bottom of the 3rd over - 0 runs, 0 hits, 0 errors, 0 left on base; Ogallala 0 - Tulsa 1
TOP OF THE 4TH
Ogallala Octopi batting - Pitching for Tulsa Otters : RHP Kingston Liniak
Batting: LHB Mauro López 0-0: Swinging Strike
0-1: Ball
1-1: SINGLE (Flyball, 78S)
Batting: LHB Kevin de Bruyne 0-0: Called Strike
0-1: Ground out 3-1 (Groundball, 3L)
Mauro López to second
Batting: RHB Isagani Gorre 0-0: Swinging Strike
0-1: Called Strike
0-2: Ball
1-2: Foul Ball, location: 2F
1-2: Ball
2-2: Strikes out swinging
Batting: RHB Sehinsah Al-Fanari 0-0: Ball
1-0: Fly out, F7 (Flyball, 78S)
Top of the 4th over - 0 runs, 1 hit, 0 errors, 1 left on base; Ogallala 0 - Tulsa 1
BOTTOM OF THE 4TH
Tulsa Otters batting - Pitching for Ogallala Octopi : RHP Ignacio Uribe
Batting: RHB Michel Morand 0-0: Called Strike
0-1: Ball
1-1: Called Strike
1-2: Ball
2-2: Strikes out looking
Batting: RHB Louis Chevrolet 0-0: Called Strike
0-1: Foul Ball, location: 2F
0-2: Ball
1-2: Fly out, F8 (Flyball, 8RS)
Batting: RHB Kristoffer Melin 0-0: Called Strike
0-1: Ball
1-1: Fly out, F7 (Flyball, 7S)
Bottom of the 4th over - 0 runs, 0 hits, 0 errors, 0 left on base; Ogallala 0 - Tulsa 1
TOP OF THE 5TH
Ogallala Octopi batting - Pitching for Tulsa Otters : RHP Kingston Liniak
Batting: RHB Carlos Martínez 0-0: Called Strike
0-1: Ball
1-1: Fly out, F9 (Flyball, 9S)
Batting: RHB Alejandro Cantú 0-0: Swinging Strike
0-1: Foul Ball, location: 2F
0-2: Fly out, F8 (Flyball, 8LS)
Batting: RHB Salvador Gisbert 0-0: Ground out 4-3 (Groundball, 4)
Top of the 5th over - 0 runs, 0 hits, 0 errors, 0 left on base; Ogallala 0 - Tulsa 1
BOTTOM OF THE 5TH
Tulsa Otters batting - Pitching for Ogallala Octopi : RHP Ignacio Uribe
Batting: RHB Brian Rowe 0-0: Ball
1-0: Ball
2-0: Called Strike
2-1: Foul Ball, location: 2F
2-2: SINGLE (Groundball, 56S) (infield hit)
Batting: SHB Naif Na'Il bin Musa 0-0: Ball
1-0: Ball
2-0: Foul Ball, location: 2F
2-1: Ball
3-1: Called Strike
3-2: Base on Balls
Brian Rowe to second
Batting: RHB Charlie Passell 0-0: Fly out, F8 (Flyball, 78D)
Batting: RHB Jaypee Layug 0-0: Ball
1-0: Ball
2-0: Called Strike
2-1: Fly out, F7 (Line Drive, 7S)
Batting: RHB Jim Schroeder 0-0: Foul Ball, location: 2F
0-1: Ball
1-1: Ball
2-1: Ground out 5-3 (Groundball, 56S)
Bottom of the 5th over - 0 runs, 1 hit, 0 errors, 2 left on base; Ogallala 0 - Tulsa 1
TOP OF THE 6TH
Ogallala Octopi batting - Pitching for Tulsa Otters : RHP Kingston Liniak
Batting: RHB Enrique Torres 0-0: Reached on error, E5 (Groundball, 5)
Batting: RHB Román Chávez 0-0: Ball
1-0: Ball
2-0: SINGLE (Groundball, 6MD)
Enrique Torres to second
Runner from 2nd tries for 3rd, SAFE, no throw
Batting: LHB Mauro López 0-0: Swinging Strike
0-1: Foul Ball, location: 2F
0-2: Fly out, F7 (Flyball, 78D)
Runner from 3rd tags up, SCORES, no throw
Batting: LHB Kevin de Bruyne 0-0: Called Strike
0-1: Ground out U3 (Groundball, 3S)
Román Chávez to second
Batting: RHB Isagani Gorre 0-0: Ball
1-0: Reached on error, E5 (Groundball, 5)
Román Chávez to third
Batting: RHB Sehinsah Al-Fanari 0-0: Ball
1-0: Foul Ball, location: 2F
1-1: Called Strike
1-2: Ball
2-2: Reached on error, E3 (Popup, 34S)
Román Chávez scores
Isagani Gorre to second
Batting: RHB Carlos Martínez 0-0: Fielders Choice at 2nd, 6-4 (Groundball, 6)
Top of the 6th over - 2 runs, 1 hit, 3 errors, 2 left on base; Ogallala 2 - Tulsa 1
BOTTOM OF THE 6TH
Tulsa Otters batting - Pitching for Ogallala Octopi : RHP Ignacio Uribe
Batting: RHB Pat Hopkins 0-0: Reached on error, E6 (Groundball, 6)
Batting: RHB Michel Morand 0-0: Called Strike
0-1: Ball
1-1: Ball
Pat Hopkins steals 2nd base
2-1: Ground out 6-3 (Groundball, 56)
Batting: RHB Louis Chevrolet 0-0: Called Strike
0-1: Called Strike
0-2: Ball
1-2: Fly out, F7 (Flyball, 7LM)
Batting: RHB Kristoffer Melin 0-0: Called Strike
0-1: Swinging Strike
0-2: Foul Ball, location: 2F
0-2: Strikes out swinging
Bottom of the 6th over - 0 runs, 0 hits, 1 error, 1 left on base; Ogallala 2 - Tulsa 1
TOP OF THE 7TH
Ogallala Octopi batting - Pitching for Tulsa Otters : RHP Kingston Liniak
Batting: RHB Alejandro Cantú 0-0: Swinging Strike
0-1: Ball
1-1: Ball
2-1: Called Strike
2-2: Hit by Pitch
Pinch Hitting: SHB Milojica Kordic 0-0: Swinging Strike
0-1: Fielders Choice at 2nd, 4-6 (Groundball, 4M)
Pinch Hitting: LHB Lauren Hilfiker 0-0: Ball
1-0: Ball
2-0: Swinging Strike
2-1: SINGLE (Groundball, 56D)
Milojica Kordic to second
Batting: RHB Román Chávez 0-0: Called Strike
0-1: Ground out 4-3 (Groundball, 4MS)
Milojica Kordic to third
Lauren Hilfiker to second
Batting: LHB Mauro López 0-0: Fly out, F8 (Flyball, 8RS)
Top of the 7th over - 0 runs, 1 hit, 0 errors, 2 left on base; Ogallala 2 - Tulsa 1
BOTTOM OF THE 7TH
Tulsa Otters batting - Pitching for Ogallala Octopi : RHP Ignacio Uribe
Now in LF: Jorge Díaz
Now in CF: Jessie Crawford
Batting: RHB Brian Rowe 0-0: Ball
1-0: Ball
2-0: Ball
3-0: Called Strike
3-1: Ground out 6-3 (Groundball, 56)
Batting: SHB Naif Na'Il bin Musa 0-0: Ball
1-0: Fly out, F7 (Flyball, 7)
Batting: RHB Charlie Passell 0-0: Ball
1-0: Called Strike
1-1: Fly out, F8 (Flyball, 89D)
Bottom of the 7th over - 0 runs, 0 hits, 0 errors, 0 left on base; Ogallala 2 - Tulsa 1
TOP OF THE 8TH
Ogallala Octopi batting - Pitching for Tulsa Otters : RHP Kingston Liniak
Batting: LHB Kevin de Bruyne 0-0: Ball
1-0: Fly out, F9 (Flyball, 89D)
Batting: RHB Isagani Gorre 0-0: Ball
1-0: Called Strike
1-1: Ball
2-1: Foul Ball, location: 2F
2-2: Ball
3-2: Fly out, F9 (Flyball, 89S)
Batting: RHB Sehinsah Al-Fanari 0-0: Called Strike
0-1: Ball
1-1: Fly out, F6 (Popup, P)
Top of the 8th over - 0 runs, 0 hits, 0 errors, 0 left on base; Ogallala 2 - Tulsa 1
BOTTOM OF THE 8TH
Tulsa Otters batting - Pitching for Ogallala Octopi : RHP Ignacio Uribe
Batting: RHB Jaypee Layug 0-0: Ball
1-0: Ball
2-0: SINGLE (Flyball, 78S)
Pinch Hitting: RHB David Snider 0-0: Bunted foul
0-1: Sac Bunt - play at first, batter OUT! 1-4
Jaypee Layug to second
Batting: RHB Pat Hopkins 0-0: Called Strike
0-1: Ground out 3-1 (Groundball, 34)
Jaypee Layug to third
Batting: RHB Michel Morand 0-0: Called Strike
0-1: Swinging Strike
0-2: Ball
1-2: Strikes out looking
Bottom of the 8th over - 0 runs, 1 hit, 0 errors, 1 left on base; Ogallala 2 - Tulsa 1
TOP OF THE 9TH
Ogallala Octopi batting - Pitching for Tulsa Otters : RHP Kingston Liniak
Now at 1B: Mathis Bonnet
Batting: RHB Carlos Martínez 0-0: Called Strike
0-1: Ball
1-1: Swinging Strike
1-2: Ball
2-2: Strikes out looking
Pitching: RHP Dou-guan Shao
Batting: RHB Alejandro Cantú 0-0: Called Strike
0-1: Ball
1-1: Foul Ball, location: 2F
1-2: Fly out, F7 (Flyball, 7D)
Batting: SHB Jorge Díaz 0-0: Foul Ball, location: 2F
0-1: Foul Ball, location: 2F
0-2: Foul Ball, location: 2F
0-2: Ground out 6-3 (Groundball, 6)
Top of the 9th over - 0 runs, 0 hits, 0 errors, 0 left on base; Ogallala 2 - Tulsa 1
BOTTOM OF THE 9TH
Tulsa Otters batting - Pitching for Ogallala Octopi : RHP Ignacio Uribe
Pitching: RHP Adrián Porras
Batting: RHB Louis Chevrolet 0-0: Ball
1-0: Swinging Strike
1-1: Swinging Strike
1-2: Ball
2-2: Strikes out swinging
Batting: RHB Kristoffer Melin 0-0: Foul Ball, location: 2F
0-1: Foul Ball, location: 2F
0-2: Ball
1-2: Ball
2-2: Foul Ball, location: 2F
2-2: Foul Ball, location: 2F
2-2: Strikes out swinging
Batting: RHB Brian Rowe 0-0: Ball
1-0: Called Strike
1-1: Swinging Strike
1-2: Strikes out swinging
Bottom of the 9th over - 0 runs, 0 hits, 0 errors, 0 left on base; Ogallala 2 - Tulsa 1
Wednesday, September 19th, 2018 - OOTP Baseball 18.8 Build 76